 Dungeon Crawl Stone Soup version 0.27.1-34-g3ba077fa99 (webtiles) character file.

Game seed: 8384296478602364124

3559 mtoz the Thaumaturge (level 9, -2/45 HPs)
             Began as a Deep Elf Conjurer on Jan 3, 2022.
             Was a Follower of Vehumet.
             Shot with an arrow by a centaur (15 damage)
             ... on level 8 of the Dungeon on Jan 4, 2022.
             The game lasted 01:44:03 (13955 turns).

mtoz the Thaumaturge (Deep Elf Conjurer)           Turns: 13955, Time: 01:44:04

Health: -2/45      AC:  2    Str:  4    XL:     9   Next: 83%
Magic:  15/24      EV: 14    Int: 27    God:    Vehumet [*.....]
Gold:   248        SH:  0    Dex: 13    Spells: 24/27 levels left

rFire    + + .     SeeInvis +   r - staff of conjuration
rCold    + . .     Faith    .   (no shield)
rNeg     . . .     Spirit   .   t - +2 leather armour {rPois}
rPois    +         Reflect  .   (no helmet)
rElec    +         Harm     .   z - +0 cloak
rCorr    +         Rampage  .   (no gloves)
Will     .....                  (no boots)
Stlth    ++++......             (no amulet)
HPRegen  0.15/turn              h - ring of protection from fire
MPRegen  0.19/turn              d - ring of see invisible

@: resistant, corroded
A: no striking features
a: Renounce Religion


You were on level 8 of the Dungeon.
You worshipped Vehumet.
Vehumet was aware of your devotion.
You visited 1 branch of the dungeon, and saw 8 of its levels.

You collected 430 gold pieces.
You spent 182 gold pieces at shops.

Inventory:

Hand Weapons
 y - a -2 triple crossbow
 E - a -2 longbow
 H - a +2 quarterstaff of chaos
Missiles
 m - 185 arrows
Armour
 t - a +2 leather armour of poison resistance (worn)
 z - a +0 cloak (worn)
Magical Staves
 e - a staff of fire
 k - a staff of poison
 r - a staff of conjuration (weapon)
Jewellery
 a - a ring of magical power
 d - a ring of see invisible (right hand)
 f - a +4 ring of slaying
 h - a ring of protection from fire (left hand)
 u - an amulet of guardian spirit
 C - a ring of ice
 G - a +6 ring of dexterity
 J - a ring of ice
Wands
 l - a wand of paralysis (7)
 w - a wand of flame (37)
 A - a wand of mindburst (7)
Scrolls
 c - a scroll of blinking
 g - a scroll of brand weapon
 o - a scroll of enchant armour {unknown}
 p - 2 scrolls of immolation {unknown}
 s - a scroll of magic mapping
 v - a scroll of summoning {unknown}
 B - a scroll of silence {unknown}
 I - a scroll of noise {unknown}
Potions
 b - a potion of might
 i - 5 potions of curing
 j - 2 potions of flight
 q - a potion of mutation
 x - 2 potions of attraction
 D - a potion of degeneration {unknown}
 K - a potion of magic {unknown}


   Skills:
 + Level 8.8 Dodging
 + Level 9.5 Stealth
 + Level 9.7 Spellcasting
 + Level 9.0 Conjurations


You had 24 spell levels left.
You knew the following spells:

 Your Spells              Type           Power      Damage    Failure   Level
a - Magic Dart            Conj           100%       1d8       1%          1
b - Searing Ray           Conj           100%       3d7       1%          2

Your spell library contained the following spells:

 Spells                   Type           Power      Damage    Failure   Level
 Freeze                   Ice            52%        1d7       8%          1
 Dazzling Flash           Conj/Hex       100%       N/A       3%          3
 Animate Skeleton         Necr           26%        N/A       8%          1
 Apportation              Tloc           26%        N/A       8%          1
 Corona                   Hex            14%        N/A       8%          1
 Summon Small Mammal      Summ           52%        N/A       8%          1
 Fulminant Prism          Conj/Hex       27%        3d14      12%         4
 Iskenderun's Mystic Bla  Conj/Tloc      54%        2d12      12%         4
 Portal Projectile        Hex/Tloc       26%        N/A       24%         3
 Summon Guardian Golem    Hex/Summ       13%        N/A       24%         3
 Orb of Destruction       Conj           37%        9d13      86%         7
 Blade Hands              Tmut           6%         N/A       91%         5
 Excruciating Wounds      Necr           6%         N/A       91%         5
 Spellforged Servitor     Conj/Summ      27%        N/A       100%        7


Dungeon Overview and Level Annotations

Branches:
Dungeon (8/15)             Temple (0/1) D:4
   Lair: D:8-11

Altars:
Kikubaaqudgha
Makhleb
Nemelex Xobeh
Trog
Vehumet
Zin

Shops:
D:5 =   D:6 *

Annotations:
D:5 3 runed translucent doors, MisterT's ghost, novice HOMo; Pikel


Message History

Aim: an orc, wielding a +0 hand axe and wearing a +0 chain mail (87% to hit)
You feel a surge of power!
The searing ray hits the acid dragon!
You kill the acid dragon!
Vehumet accepts your kill.
The acid dragon scales are intact enough to wear.
The searing ray hits the orc!
You kill the orc!
Vehumet accepts your kill. (Press . to maintain the ray.)
The centaur wields a +0 shortbow.
The centaur shoots an arrow.
The arrow closely misses you.
The vampire points at you and mumbles some strange words.
You resist with some effort.
Your Conjurations skill increases to level 9!
Casting: Searing Ray (safe; 1% risk of failure)
Confirm with . or Enter, or press ? or * to list all spells.
You can't see any susceptible monsters within range! (Use Z to cast anyway.)
Casting: Searing Ray (safe; 1% risk of failure)
Confirm with . or Enter, or press ? or * to list all spells.
Aiming: Magic Dart (safe; 1% risk of failure)
Press: ? - help, Shift-Dir - straight line, f - centaur
Aim: a centaur, wielding a +0 shortbow and quivering arrows (100% to hit)
You feel a surge of power!
The magic dart hits the centaur.
The centaur is lightly wounded.
Your surroundings seem slightly different.
The centaur shoots an arrow.
The arrow hits you!
* * * LOW HITPOINT WARNING * * *
Okay, then.
Casting: Magic Dart (safe; 1% risk of failure)
Confirm with . or Enter, or press ? or * to list all spells.
Aiming: Magic Dart (safe; 1% risk of failure)
Press: ? - help, Shift-Dir - straight line, f/p - centaur
Aim: a centaur, wielding a +0 shortbow and quivering arrows (lightly wounded, 100% to hit)
You feel a surge of power!
The magic dart hits the centaur but does no damage.
The centaur is lightly wounded.
The centaur shoots an arrow.
The arrow barely misses you.
The centaur shoots an arrow.
The arrow misses you.
The centaur shoots an arrow.
The arrow hits you!
You die...

.........#..##.......#....
.....).[c......#.....#....
..#####...................
###.#..........#....
###.................
##........#.......#.# ##
#.................).#
..##.#.......##.........
.......@.....##.#.......
...[.........##...###..#
...........#######.##..#
...#..#....#######.##..#
## #.#.....##_..8#......
#. ..#.....##....#.....#
###.## #.....##....'.....#
#...#####....####..#......
####
#.........##A#.8##.....


You could see a centaur.

Vanquished Creatures
  A yak (D:5)
  An acid dragon (D:8)
  A water moccasin (D:7)
  Duvessa (D:7)
  An orc warrior (D:8)
  2 ice beasts (D:6)
  2 ogres (D:5)
  4 black bears
  4 lemures
  3 centaurs
  A phantom (D:5)
  4 bullfrogs
  A wyvern zombie (D:5)
  A kobold brigand (D:7)
  3 scorpions
  Dowan (D:7)
  5 wights
  A howler monkey (D:6)
  3 centaur zombies
  A gnoll shaman (D:5)
  4 jellies
  5 orc priests
  A bullfrog skeleton (D:5)
  A hound (D:7)
  2 centaur skeletons (D:7)
  Crazy Yiuf (D:7)
  4 iguanas
  7 orc wizards
  A hound skeleton (D:4)
  A mummy (D:6)
  7 adders
  9 gnolls
  An ufetubus (D:6)
  An adder skeleton (D:4)
  3 worms
  23 orcs
  16 endoplasms
  11 giant cockroaches
  10 goblins
  7 hobgoblins
  9 jackals (D:1)
  4 quokkas
  3 ball pythons
  5 bats
  4 frilled lizards
  21 kobolds
  4 rats
206 creatures vanquished.

Vanquished Creatures (others)
  11 fungi
  10 toadstools (D:4)
21 creatures vanquished.

Grand Total: 227 creatures vanquished

Notes
Turn   | Place    | Note
-------+----------+-------------------------------------------
     0 | D:1      | mtoz the Deep Elf Conjurer began the quest for the Orb.
     0 | D:1      | Reached XP level 1. HP: 10/10 MP: 6/6
   107 | D:1      | Reached XP level 2. HP: 15/15 MP: 5/8
   846 | D:1      | Found a faded altar of an unknown god.
   917 | D:1      | Reached XP level 3. HP: 19/19 MP: 1/10
  1593 | D:2      | Found an ancient bone altar of Kikubaaqudgha.
  1657 | D:2      | Learned a level 2 spell: Searing Ray
  2002 | D:2      | Reached XP level 4. HP: 24/24 MP: 4/11
  2414 | D:2      | Reached skill level 5 in Conjurations
  2804 | D:3      | Found a sparkling altar of Nemelex Xobeh.
  2832 | D:3      | Noticed a scorpion
  2837 | D:3      | Killed a scorpion
  2838 | D:3      | Reached XP level 5. HP: 28/28 MP: 5/13
  3320 | D:4      | Found a radiant altar of Vehumet.
  3730 | D:4      | Noticed a black bear
  3736 | D:4      | Killed a black bear
  3737 | D:4      | Reached skill level 5 in Spellcasting
  3737 | D:4      | Reached XP level 6. HP: 21/32 MP: 5/15
  4109 | D:4      | Reached skill level 5 in Stealth
  4634 | D:4      | Found a staircase to the Ecumenical Temple.
  5037 | D:4      | Reached XP level 7. HP: 36/36 MP: 5/17
  5040 | D:4      | Reached skill level 5 in Dodging
  5259 | D:4      | HP: 1/36 [something (3)]
  5758 | D:5      | Entered Level 5 of the Dungeon
  5906 | D:5      | Found a runed translucent gate.
  5907 | D:5      | Found a runed translucent gate.
  5908 | D:5      | Found a runed translucent gate.
  5908 | D:5      | Noticed MisterT's ghost (novice HOMo)
  5954 | D:5      | Found Qaecoss's Jewellery Emporium.
  5965 | D:5      | Bought a ring of see invisible for 180 gold pieces
  6716 | D:5      | Noticed a yak
  6941 | D:5      | Reached XP level 8. HP: 25/41 MP: 8/20
  7396 | D:4      | Became a worshipper of Vehumet
  8482 | D:6      | Noticed Pikel
 10690 | D:6      | Found Hiffuzats's Lightly-Used Armoury.
 10694 | D:6      | Bought a -2 triple crossbow for 1 gold piece
 10822 | D:6      | Reached XP level 9. HP: 45/45 MP: 16/23
 11259 | D:6      | Bought a -2 longbow for 1 gold piece
 11271 | D:7      | Noticed Duvessa
 11271 | D:7      | Noticed Dowan
 11607 | D:7      | Found a burning altar of Makhleb.
 11841 | D:7      | Killed Dowan
 12161 | D:7      | Killed Duvessa
 12591 | D:7      | Reached * piety under Vehumet
 12591 | D:7      | Offered knowledge of Freeze by Vehumet.
 13100 | D:7      | Found a runed translucent door.
 13101 | D:7      | Noticed Crazy Yiuf
 13108 | D:7      | Killed Crazy Yiuf
 13402 | D:8      | Found a glowing silver altar of Zin.
 13402 | D:8      | Noticed an angel
 13559 | D:8      | Found a bloodstained altar of Trog.
 13955 | D:8      | Shot with an arrow by a centaur

Illustrated notes

Levels and vault maps discovered:
D:1:      ebering_trefoil_twist, layout_basic,
          shapermc_ecumenical_altar_hornbeckon
D:2:      cheibrodos_greedy_goblins, layout_loops_ring, basic_altar,
          minmay_pentomino_w2
D:3:      layout_basic, nemelex_spade_bored_becter,
          chequers_serial_rivers_room_a
D:4:      cheibrodos_fertilizer, layout_rooms,
          mainiacjoe_overflow_cross_hatched, minmay_temple_entry_antechambers
D:5:      minmay_opposing_rooms, layout_basic, gammafunk_ghost_nasty_kobolds,
          serial_shops, shop
D:6:      kennysheep_six_static_rooms, layout_basic, gup_ossuary_entry_pyramid,
          grunt_ministairs_14, minmay_shop_damaged, uniq_pikel
D:7:      layout_loops_corners, mainiacjoe_overflow_catwalk,
          ebering_dispersal_statue_hall, uniq_crazy_yiuf_cottage, uniq_duvessa
D:8:      layout_rooms, zin_angel, mainiacjoe_overflow_small_starburst,
          gammafunk_temple_overflow_claw

Skill      XL: |  1  2  3  4  5  6  7  8  9 |
---------------+----------------------------+-----
Stealth        | 3 4 5 6 8 9 |  9.5
Dodging        | 3 4 6 7 8 |  8.8
Conjurations   | 5 6 7 9 |  9.0
Spellcasting   | 4 5 6 8 9 |  9.7

Action                   |  1- 3 |  4- 6 |  7- 9 || total
-------------------------+-------+-------+-------++-------
Melee: Staff             |       |     1 |     8 ||     9
 Cast: Magic Dart        |    89 |    75 |   138 ||   302
       Searing Ray       |     2 |    52 |   169 ||   223
  Use: Scroll            |     3 |     2 |     9 ||    14
       Potion            |       |     1 |     3 ||     4
 Stab: Sleeping          |       |     1 |       ||     1
Armor: Robe              |     6 |       |     2 ||     8
       Leather armour    |       |       |    14 ||    14
Dodge: Dodged            |    19 |    16 |    65 ||   100
